 Dungeon Sprint DCSS version 0.22-a0-750-ga7dcef7 (webtiles) character file.

2440 collin38 the Fighter (level 9, -1/93 HPs)
             Began as a Minotaur Fighter on July 15, 2018.
             Was an Elder of Makhleb.
             Slain by a red devil
             ... wielding a +0 trident
             ... summoned by an orc high priest
              (21 damage)
             ... in the Dungeon (Sprint III: "The Ten Rune Challenge").
             The game lasted 00:04:43 (1271 turns).

collin38 the Fighter (Minotaur Fighter)             Turns: 1271, Time: 00:04:43

Health: -1/93      AC:  5    Str: 21    XL:     9   Next: 25%
Magic:  8/8        EV:  9    Int:  5    God:    Makhleb [****..]
Gold:   42         SH: 13    Dex: 13    Spells: 8/8 levels left

rFire    . . .     SeeInvis .   h - +2 long sword (holy)
rCold    . . .     Gourm    .   c - +0 shield
rNeg     . . .     Faith    .   b - +0 scale mail
rPois    .         Spirit   .   (helmet restricted)
rElec    .         Reflect  .   (no cloak)
rCorr    .         Harm     .   (no gloves)
MR       .....     NoTele   +   (no boots)
Stlth    ..........             (no amulet)
HPRegen  0.25/turn              (no ring)
MPRegen  0.11/turn              (no ring)

@: corroded
A: retaliatory headbutt, horns 2
a: Minor Destruction, Lesser Servant of Makhleb, Major Destruction, Renounce
Religion


You were in the Dungeon.
You worshipped Makhleb.
Makhleb was greatly pleased with you.
You were very hungry.

You visited 1 branch You collected 42 gold pieces.

Inventory:

Hand Weapons
 a - a +0 long sword
 h - a +2 long sword of holy wrath (weapon)
Armour
 b - a +0 scale mail (worn)
 c - a +0 shield (worn)
Scrolls
 g - a scroll of holy word {unknown}
 k - a scroll of blinking
 l - 2 scrolls of amnesia {unknown}
 m - a scroll of identify {unknown}
 n - 3 scrolls of remove curse
 p - a scroll of immolation {unknown}
Potions
 d - 3 potions of mutation {unknown}
 e - a potion of curing
 i - 2 potions of magic
 o - a potion of flight {unknown}
Comestibles
 f - 4 rations


   Skills:
 * Level 13.5 Fighting
 * Level 13.3 Long Blades
 + Level 12.1 Armour
 + Level 12.2 Shields


You had 8 spell levels left.
You didn't know any spells.
Your spell library contained the following spells:

 Spells                   Type           Power        Failure   Level  Hunger
 Magic Dart               Conj           #...         86%         1    ##.....
 Apportation              Tloc           #.....       86%         1    ##.....
 Conjure Flame            Conj/Fire      #.......     99%         3    ####...
 Slow                     Hex            #.......     94%         2    ###....
 Mephitic Cloud           Conj/Pois/Air  #.......     99%         3    ####...
 Summon Small Mammal      Summ           #...         86%         1    ##.....
 Blink                    Tloc           N/A          94%         2    ###....
 Animate Skeleton         Necr           N/A          86%         1    ##.....
 Call Imp                 Summ           #.......     94%         2    ###....
 Confusing Touch          Hex            #.....       86%         1    ##.....


Dungeon Overview and Level Annotations

Branches:
Dungeon (1/1)

Altars:
Cheibriados
Dithmenos
Elyvilon
Fedhas
Gozag
Hepliaklqana
Kikubaaqudgha
Makhleb
Nemelex Xobeh
Okawaru
Qazlal
Ru
Sif Muna
Trog
Uskayaw
Vehumet
Wu Jian
Xom
Yredelemnul
Zin
The Shining One
Beogh
Jiyva
Lugonu


Innate Abilities, Weirdness & Mutations

You reflexively headbutt those who attack you in melee.
You have a pair of horns on your head.


Message History

The orc high priest is heavily wounded.
You block the rust devil's attack.
The red devil hops backward while attacking.
The red devil hits you from afar with a trident!
* * * LOW HITPOINT WARNING * * *
Unknown command.
You feel better. You block the orc high priest's attack.
The rust devil barely misses you. You furiously retaliate!
You headbutt the rust devil, but do no damage.
You barely miss the orc high priest.
Your headbutt misses the orc high priest.
The orc high priest is heavily wounded.
The orc high priest hits you with a short sword!
* * * LOW HITPOINT WARNING * * *
The red devil barely misses you. You block the rust devil's attack.
You hit the orc high priest but do no damage.
The orc high priest is heavily wounded.
The orc high priest closely misses you.
The red devil hits you from afar with a trident!!
You die...

.♣
♣♣.#___#___#__#$$$$$oo
.♣ ♣..#...#__.#._#$$..oo
♣♣♣♣..###'#)###)##....o
♣♣♣.♣.#..........#o$o.
≈.♣♣..'.⌠........#o$$
≈≈≈♣♣.#...######'#go
≈≈....#.⌠.#__#..4#o#####
≈.....#...#__#...#(.≈§≈+
......#'###__#..@#§#§§§#
......#)).#__#.4)o5# §
......#___#__'...#.#
▓▓▓▓▓▓▓▓▓▓▓▓▓▓▓▓▓▓▓▓


You could see an orc high priest, a rust devil, a red devil and an ufetubus.

Vanquished Creatures
  An orc high priest (D)
  An orc sorcerer (D)
  A deep elf mage (D)
  A shadow (D)
  A spatial vortex (D)
  An orc warrior (D)
  A necrophage (D)
  A water elemental (D)
  A jelly (D)
  2 orc priests (D)
  A wizard (D)
  Jessica (D)
  A necromancer (D)
  An orc wizard (D)
  A kobold demonologist (D)
  3 humans (D)
  A wolf (D)
  An ooze (D)
  8 orcs (D)
  A goblin (D)
  2 rats (D)
32 creatures vanquished.

Vanquished Creatures (others)
  2 draconian scorchers (D)
  6 hellions (D)
  A yaktaur (D)
  2 plants (D)
11 creatures vanquished.

Grand Total: 43 creatures vanquished

Notes
Turn   | Place    | Note
-------+----------+-------------------------------------------
     0 | D        | collin38 the Minotaur Fighter began the quest for the Orb.
     0 | D        | Reached XP level 1. HP: 19/19 MP: 0/0
    10 | D        | Noticed Jessica
    14 | D        | Killed Jessica
    14 | D        | Reached skill level 5 in Fighting
    14 | D        | Reached skill level 5 in Armour
    14 | D        | Reached skill level 5 in Shields
    14 | D        | Reached XP level 2. HP: 29/29 MP: 1/1
    14 | D        | Reached XP level 3. HP: 36/36 MP: 2/2
    98 | D        | Reached skill level 5 in Long Blades
   125 | D        | Killed a hellion
   127 | D        | Noticed a water elemental
   130 | D        | Killed a water elemental
   130 | D        | Reached XP level 4. HP: 14/45 MP: 3/3
   133 | D        | Killed a hellion
   135 | D        | Killed a hellion
   135 | D        | Killed a hellion
   135 | D        | Killed a hellion
   135 | D        | Killed a hellion
   137 | D        | Killed a yaktaur
   148 | D        | Killed a white draconian scorcher
   373 | D        | Killed a white draconian scorcher
   375 | D        | Found a glowing silver altar of Zin.
   376 | D        | Found a glowing golden altar of the Shining One.
   376 | D        | Found a white marble altar of Elyvilon.
   376 | D        | Noticed a deep elf mage
   398 | D        | Killed a deep elf mage
   398 | D        | Reached XP level 5. HP: 51/58 MP: 4/4
   398 | D        | Reached XP level 6. HP: 58/66 MP: 5/5
   430 | D        | Found a hide-covered altar of Uskayaw.
   430 | D        | Found a roughly hewn altar of Beogh.
   430 | D        | Found an iron altar of Okawaru.
   430 | D        | Found a bloodstained altar of Trog.
   430 | D        | Found an ornate altar of the Wu Jian Council.
   430 | D        | Noticed a human
   431 | D        | Noticed a human
   447 | D        | Killed a human
   447 | D        | Reached skill level 10 in Fighting
   447 | D        | Reached skill level 10 in Armour
   447 | D        | Reached skill level 10 in Shields
   447 | D        | Reached XP level 7. HP: 18/72 MP: 6/6
   449 | D        | Killed a human
   449 | D        | Reached skill level 10 in Long Blades
   788 | D        | Found a basalt altar of Yredelemnul.
   788 | D        | Found a shadowy altar of Dithmenos.
   788 | D        | Found a sacrificial altar of Ru.
   867 | D        | Noticed a shadow
   873 | D        | Killed a shadow
   873 | D        | Reached XP level 8. HP: 55/82 MP: 7/7
  1028 | D        | Found a radiant altar of Vehumet.
  1028 | D        | Found a deep blue altar of Sif Muna.
  1028 | D        | Found an ancient bone altar of Kikubaaqudgha.
  1126 | D        | Found a blossoming altar of Fedhas.
  1126 | D        | Found a stormy altar of Qazlal.
  1126 | D        | Found a snail-covered altar of Cheibriados.
  1126 | D        | Found a burning altar of Makhleb.
  1126 | D        | Found a shimmering altar of Xom.
  1127 | D        | Found a hazy altar of Hepliaklqana.
  1127 | D        | Found an opulent altar of Gozag.
  1127 | D        | Found a sparkling altar of Nemelex Xobeh.
  1127 | D        | Found a corrupted altar of Lugonu.
  1127 | D        | Found a viscous altar of Jiyva.
  1151 | D        | Became a worshipper of Makhleb the Destroyer
  1162 | D        | Noticed an orc sorcerer
  1174 | D        | Killed an orc sorcerer
  1188 | D        | Reached * piety under Makhleb
  1192 | D        | Reached ** piety under Makhleb
  1208 | D        | Reached *** piety under Makhleb
  1233 | D        | Noticed an orc high priest
  1239 | D        | Noticed a red devil
  1239 | D        | Noticed a red devil
  1242 | D        | Killed an orc high priest
  1242 | D        | Reached **** piety under Makhleb
  1242 | D        | Reached XP level 9. HP: 57/93 MP: 8/8
  1257 | D        | Noticed an orc high priest
  1265 | D        | Noticed a red devil
  1265 | D        | Noticed a rust devil
  1271 | D        | Slain by a red devil

Vault maps used:
D:        dungeon_sprint_mu

Skill      XL: |  1  2  3  4  5  6  7  8 |
---------------+-------------------------+-----
Fighting       | 5 6 9 10 11 13 | 13.5
Long Blades    | 4 6 9 10 13 | 13.3
Armour         | 5 6 9 10 12 | 12.1
Shields        | 5 6 9 10 12 | 12.2

Action                   |  1- 3 |  4- 6 |  7- 9 || total
-------------------------+-------+-------+-------++-------
Melee: Long sword        |    17 |    29 |    91 ||   137
       Headbutt          |     2 |     2 |    18 ||    22
Invok: Minor Destruction |       |       |     1 ||     1
  Use: Potion            |     2 |     2 |     2 ||     6
Armor: Scale mail        |     5 |     4 |    12 ||    21
Dodge: Dodged            |     9 |     4 |    17 ||    30
Block: Shield            |     9 |     8 |    32 ||    49
       Rpst.: Long sword |     4 |     1 |     4 ||     9

Table legend:
 A = Spawn XP
 B = Non-spawn XP
 C = Spawn XP percentage of total XP
 D = Spawn monster count
 E = Non-spawn monster count
 F = Spawn count percentage of total count
 G = Total turns spent on level
                    A         B        C        D         E        F      G
               +---------+---------+-------+---------+---------+-------+---------
         Total |       0 |    3486 |   0.0 |       0 |      32 |   0.0 |  1271
               +---------+---------+-------+---------+---------+-------+---------
             D |       0 |    3486 |   0.0 |       0 |      32 |   0.0 |  1271
               +---------+---------+-------+---------+---------+-------+---------
